 Dungeon Crawl Stone Soup version 0.26.0-45-g9c1d065592 (webtiles) character file.

Game seed: 14912165615798560430

(classic levelgen) 25 thiole the Stinger (level 3, 0/23 HPs)
             Began as an Octopode Venom Mage on Jan 30, 2021.
             Slain by Terence
             ... wielding a +0 mace
              (6 damage)
             ... on level 2 of the Dungeon.
             The game lasted 00:01:47 (1587 turns).

thiole the Stinger (Octopode Venom Mage)            Turns: 1587, Time: 00:01:48

Health: 0/23       AC:  1    Str:  7    XL:     3   Next: 4%
Magic:  0/6        EV: 13    Int: 18    God:
Gold:   54         SH:  0    Dex: 12    Spells: 5/6 levels left

rFire    . . .     SeeInvis .   (no weapon)
rCold    . . .     Faith    .   (no shield)
rNeg     . . .     Spirit   .   (helmet restricted)
rPois    .         Reflect  .   (no amulet)
rElec    .         Harm     .   (no ring)
rCorr    .         Rampage  .   (no ring)
Will     .....                  (no ring)
Stlth    +++.......             (no ring)
HPRegen  0.07/turn              (no ring)
MPRegen  0.10/turn              (no ring)
                                (no ring)
                                (no ring)

@: no status effects
A: almost no armour, stealthy swim, amphibious, 8 rings, constrict 8, camouflage
1, gelatinous body 1
a: no special abilities


You were on level 2 of the Dungeon.
You visited 1 branch of the dungeon, and saw 2 of its levels.

You collected 54 gold pieces.

Inventory:

Missiles
 n - 23 poisoned darts
 o - 58 stones
Jewellery
 h - a cursed -4 ring of protection {unknown}
 j - an uncursed ring of stealth {unknown}
Scrolls
 a - 5 scrolls of magic mapping {unknown}
 b - a scroll of fog {unknown}
 e - a scroll of remove curse {unknown}
 f - a scroll of teleportation {unknown}
 k - a scroll of identify {unknown}
 l - a scroll of amnesia {unknown}
 m - a scroll of enchant weapon {unknown}
Potions
 c - a potion of curing {unknown}
 d - 2 potions of lignification {unknown}
 g - a potion of ambrosia {unknown}
 i - a potion of cancellation {unknown}


   Skills:
 + Level 1.1 Fighting
 - Level 2.0 Dodging
 - Level 4.0 Stealth
 - Level 2.0 Spellcasting
 - Level 1.0 Transmutations
 - Level 4.0 Poison Magic


You had 5 spell levels left.
You knew the following spells:

 Your Spells              Type           Power        Failure   Level
a - Sting                 Tmut/Pois      40%          6%          1

Your spell library contained the following spells:

 Spells                   Type           Power        Failure   Level
 Poisonous Vapours        Pois/Air       18%          12%         2
 Ignite Poison            Fire/Tmut/Pois 7%           26%         3
 Mephitic Cloud           Conj/Pois/Air  6%           32%         3
 Olgreb's Toxic Radiance  Pois           16%          34%         4


Dungeon Overview and Level Annotations

Branches:
Dungeon (2/15)

Altars:

Annotations:
D:2 Terence


Innate Abilities, Weirdness & Mutations

You cannot wear most types of armour.
You are very stealthy in the water. (Stealth+)
You are amphibious.
You can wear up to eight rings at the same time.
You can use your tentacles to constrict eight enemies at once.
Your skin changes colour to match your surroundings (Stealth+).
Your rubbery body absorbs attacks. (AC +1, EV +1)


Message History

Terence is poisoned.
Terence is lightly wounded.
Terence misses you.
Your magical contamination has completely faded away.
Casting: Sting (safe; 6% risk of failure)
Confirm with . or Enter, or press ? or * to list all spells.
Aiming: Sting (safe; 6% risk of failure)
Press: ? - help, Shift-Dir - straight line, f/p - Terence
Aim: Terence, wielding a +0 mace and wearing a +2 scale mail of poison resistance (lightly wounded, poisoned, 25% to evade)
The sting hits Terence but does no damage.
Terence looks even sicker.
Terence is lightly wounded.
Terence hits you with a +0 mace.
* * * LOW HITPOINT WARNING * * *
You tentacle-slap Terence but do no damage.
You grab Terence.
Terence is moderately wounded.
You constrict Terence, but do no damage.
Terence hits you with a +0 mace.
You die...

######
######....##
#@.........#
#!@.g......#
#..........#
#..........#####
#?....>.........
#...............
######.<.....#
#.#g[...#
#.#.....#


You could see Terence (very poisoned), a hobgoblin (wandering) and a goblin.

Vanquished Creatures
  An ooze (D:1)
  2 giant cockroaches (D:1)
  3 goblins (D:1)
  2 hobgoblins (D:1)
  3 bats (D:1)
  A frilled lizard (D:1)
  4 kobolds (D:1)
  4 rats (D:1)
20 creatures vanquished.

Notes
Turn   | Place    | Note
-------+----------+-------------------------------------------
     0 | D:1      | thiole the Octopode Venom Mage began the quest for the Orb.
     0 | D:1      | Reached XP level 1. HP: 11/11 MP: 3/3
   257 | D:1      | Reached XP level 2. HP: 17/17 MP: 3/5
  1146 | D:1      | Reached skill level 1 in Fighting
  1146 | D:1      | Reached XP level 3. HP: 22/23 MP: 4/6
  1571 | D:2      | Noticed Terence
  1587 | D:2      | Slain by Terence

Illustrated notes

Levels and vault maps discovered:
D:1:      psy_arrival_radial01, layout_basic, minmay_misc_feat_secret_circle,
          minmay_heptomino_l4
D:2:      minmay_angry_zag, layout_basic, supply_closet_lemuel, uniq_sigmund,
          uniq_terence

Skill      XL: |  1  2 |
---------------+-------+-----
Poison Magic   | 4 |  4.0
Stealth        | 3 4 |  4.0
Fighting       | 1 |  1.1
Dodging        | |  2.0
Spellcasting   | |  2.0
Transmutations | |  1.0

Action                   || total
-------------------------++-------
Melee: Unarmed           ||    10
       Constrict         ||     5
       Tentacles         ||     3
 Cast: Sting             ||    33
 Stab: Sleeping          ||     1
Dodge: Dodged            ||     3
